 Dungeon Crawl Stone Soup version 0.31-a0-983-g7b6862f502 (webtiles) character file.

Game seed: 5720499947223252476

74 lunkers the Insei (level 3, -13/27 HPs)
             Began as a Demigod Shapeshifter on Nov 2, 2023.
             Killed by divine providence
             ... invoked by an orc priest
              (15 damage)
             ... on level 4 of the Dungeon.
             The game lasted 00:02:10 (1679 turns).

lunkers the Insei (Demigod Shapeshifter)            Turns: 1679, Time: 00:02:11

Health: -13/27     AC:  5    Str: 15    XL:     3   Next: 86%
Magic:  5/5        EV: 11    Int: 12    God:
Gold:   152        SH:  0    Dex: 17    Spells: 2/2 levels left

rFire   . .          .
                       - Unarmed
rCold   . . .        (no shield)
rNeg    + . .        g - +0 ring mail
rPois   .            (helmet currently unavailable)
rElec   .            (cloak currently unavailable)
rCorr   .            (gloves currently unavailable)
SInv    .            (boots currently unavailable)
Will    .....        (no amulet)
Stlth   +            e - ring of positive energy
HPRegen 0.24/turn    (no ring)
MPRegen 0.09/turn

%: no passive effects
@: beast-form
A: beast (slay +1), high MP 1, forlorn, divine attributes
a: Begin Untransformation


You were on level 4 of the Dungeon.
You were a hulking beast.
You visited 1 branch of the dungeon, and saw 4 of its levels.

You collected 152 gold pieces.

Inventory:

Armour
 g - a +0 ring mail (worn)
 q - a +0 cloak
Jewellery
 e - a ring of positive energy (left hand)
Talismans
 c - a beast talisman
 d - a flux talisman
Wands
 p - a wand of polymorph (6)
Scrolls
 a - a scroll of enchant armour {unknown}
 f - 4 scrolls of identify {unknown}
 i - a scroll of blinking {unknown}
 l - 2 scrolls of teleportation {unknown}
 n - a scroll of brand weapon {unknown}
 o - a scroll of noise {unknown}
Potions
 b - 2 potions of lignification
 h - a potion of mutation {unknown}
 j - a potion of might {unknown}
 k - 3 potions of curing {unknown}
 m - a potion of heal wounds {unknown}


   Skills:
 - Level 0.8 Fighting
 - Level 1.7 Dodging
 * Level 4.0 Unarmed Combat
 + Level 3.3 Shapeshifting


You had 2 spell levels left.
You didn't know any spells.
Your spell library contained the following spells:

 Spells                   Type           Power      Damage    Failure   Level
 Volatile Blastmotes      Fire/Tloc      0%         2d10      89%         3
 Fulminant Prism          Conj/Hex       0%         3d5       100%        4
 Iskenderun's Mystic Bla  Conj/Tloc      0%         2d3       100%        4


Dungeon Overview and Level Annotations

Branches:
Dungeon (4/15)
 Temple: D:4-7


Innate Abilities, Weirdness & Mutations

You are a hulking beast.
Your limbs bulge with bestial killing power. (Slay +1)
You have an increased reservoir of magic. (+10% MP)
You shall have no god before yourself.
Your divine heritage dramatically boosts your attributes as you level up.


Message History

The orc closely misses you. The orc hits you but does no damage.
The orc hits you with a +0 hand axe.
You hit the orc.
You kill the orc!
The orc hits you but does no damage. The orc closely misses you.
There are monsters nearby!
You hit the orc priest.
The orc priest is moderately wounded.
The orc priest hits you with a +0 dagger.
The orc barely misses you. The orc hits you but does no damage.
You closely miss the orc priest.
The orc priest is moderately wounded.
The orc priest miscasts a cantrip.
The orc hits you from afar with a +0 trident.
The orc hits you but does no damage.
Unknown command.
You completely miss the orc priest.
The orc priest is moderately wounded.
The orc barely misses you. The orc closely misses you.
Unknown command.
The orc priest mumbles some strange prayers to Beogh against you.
Beogh smites you!
Ouch! That really hurt!
* * * LOW HITPOINT WARNING * * *
The orc hits you with a +0 trident.
* * * LOW HITPOINT WARNING * * *
The orc hits you with a +0 club.
* * * LOW HITPOINT WARNING * * *
Unknown command.
You hit the orc priest.
The orc priest is heavily wounded.
The orc priest hits you but does no damage.
The orc hits you but does no damage. x2
Unknown command.
You closely miss the orc priest.
The orc priest is heavily wounded.
The orc priest mumbles some strange prayers to Beogh against you.
Beogh smites you!
Ouch! That really hurt!
You die...

### ##.## #...# ###...##
#....# ##......### .
......##.........## ..
..................## #..
.........).........##...
........................
.......o)....###†.......
.......ho##### #....#...
......o.## #...## .
........# ##..####
........# #......##
#.......# #..#....##
#.......# #.#...<...
##.....## #..#.......
###### #####......
##.....


You could see an orc priest and 2 orcs.

Vanquished Creatures
  3 adders
  2 dart slugs
  5 orcs
  2 ball pythons
  2 endoplasms
  3 giant cockroaches
  2 goblins (D:2)
  7 hobgoblins
  2 quokkas (D:1)
  A bat (D:1)
  A frilled lizard (D:2)
  5 kobolds
  A rat (D:2)
36 creatures vanquished.

Notes
Turn   | Place    | Note
-------+----------+-------------------------------------------
     0 | D:1      | lunkers the Demigod Shapeshifter began the quest for the
                  | Orb.
     0 | D:1      | Reached XP level 1. HP: 15/15 MP: 3/3
   109 | D:1      | Reached skill level 3 in Unarmed Combat
   489 | D:2      | Reached XP level 2. HP: 17/22 MP: 4/4
  1078 | D:3      | Reached XP level 3. HP: 14/27 MP: 5/5
  1612 | D:4      | Reached skill level 4 in Unarmed Combat
  1679 | D:4      | Killed from afar by an orc priest

Illustrated notes

Levels and vault maps discovered:
D:1:      lemuel_arrival_rhombus, layout_loops_ring,
          dreamdust_ecumenical_altar_hidden_monk_grotto
D:2:      layout_rooms, kennysheep_nub
D:3:      minmay_general_purpose_star, layout_loops_ring,
          serial_co_window_serial, co_window_paths_a, co_window_corner_a,
          co_window_cross_1, co_window_paths_a, co_window_paths_a,
          co_window_paths_c, co_window_cross_4, co_window_corner_cb,
          co_window_corner_b, co_window_of_opportunity_b,
          co_window_of_opportunity_c, co_window_paths_e, glass_columns_a,
          glass_columns_c, glass_columns_a
D:4:      layout_cave_pods, uniq_ijyb, uniq_duvessa

Skill      XL: |  1  2  3 |
---------------+----------+-----
Unarmed Combat | 3 4 |  4.0
Shapeshifting  | 3 |  3.3
Fighting       | |  0.8
Dodging        | |  1.7

Action                     || total
---------------------------++-------
  Melee: Unarmed           ||   124
         Punch             ||     1
 Armour: Animal skin       ||     6
         Ring mail         ||    65
  Dodge: Dodged            ||    51

Table legend: (Time is in decaauts)
 A = Elapsed time spent in this place.
 B = Non-inter-level travel time spent in this place.
 C = Inter-level travel time spent in this place.
 D = Time resting spent in this place.
 E = Time spent auto-exploring this place.
 F = Levels seen in this place.
 G = Mean time per level.
                   A        B        C        D        E       F      G
               +--------+--------+--------+--------+--------+-----+--------+
         Total |   1669 |   1613 |     56 |      0 |   1293 |   4 |  417.2 |
       Dungeon |   1669 |   1613 |     56 |      0 |   1293 |   4 |  417.2 |
               +--------+--------+--------+--------+--------+-----+--------+

Top non-repeatable levels by time:
     D:3: 691 daAuts
     D:1: 468 daAuts
     D:2: 430 daAuts
     D:4: 79 daAuts
